 Dungeon Sprint DCSS version 0.18.1-48-g4cf74bf (webtiles) character file.

8665 Joat the Black Belt (level 11, -1/88 HPs)
             Began as an Octopode Monk on Sept 4, 2016.
             Was the Champion of Cheibriados.
             Slain by a reaper
             ... wielding a +2 scythe of freezing
              (26 damage)
             ... in the Dungeon (Sprint V: "Ziggurat Sprint").
             The game lasted 00:13:56 (877 turns).

Joat the Black Belt (Octopode Monk)                  Turns: 877, Time: 00:13:56

Health: -1/88      AC: -1    Str: 37    XL:     11   Next: 34%
Magic:  15/15      EV: 34    Int: 43    God:    Cheibriados [******]
Gold:   0          SH: 38    Dex: 53    Spells: 0 memorised, 10 levels left

rFire  . . .     SeeInvis .       - Unarmed
rCold  . . .     Gourm    .     O - +18 shield of the gong {rElec rN+ MR+ EV-5}
rNeg   + . .     Faith    .     (helmet restricted)
rPois  .         Spirit   .     (no amulet)
rElec  +         Dismiss  .     D - +6 ring of dexterity
rCorr  .         Reflect  .     T - +2 ring of protection
SustAt .         Harm     .     H - +6 ring of strength
MR     ++++.     NoTele   +     G - +6 ring of intelligence
Stlth  +++++++...               F - +6 ring of intelligence
                                X - ring of the Mage {Wiz MR++ Int+3}
                                E - +6 ring of dexterity
                                Q - ring "Vucifiyf" {Wiz MR+ Str+5 Dex+4}

@: agile, corroded, studying 2 skills, very slow, incredibly resistant to
hostile enchantments, extremely stealthy
A: almost no armour, amphibious, 8 rings, constrict 8, camouflage 1, gelatinous
body 1
a: Bend Time, Temporal Distortion, Slouch, Step From Time, Renounce Religion


You were in the Dungeon.
You worshipped Cheibriados.
Cheibriados was exalted by your worship.
You were not hungry.

You visited 1 branch

Inventory:

Hand Weapons
 N - the +6 Majin-Bo {vamp, Archmagi MP+6 Int+6}
   (You found it in the Dungeon)

   It inflicts no extra harm, but heals its wielder somewhat when it strikes a
   living foe.
   It affects your intelligence (+6).
   It affects your magic capacity (+6).
Armour
 h - a +3 buckler
 i - a +3 large shield
 j - a +3 shield
 O - the +18 shield of the gong (worn) {rElec rN+ MR+ EV-5}
   (You found it in the Dungeon)

   It affects your evasion (-5).
   It insulates you from electricity.
   It protects you from negative energy.
   It affects your resistance to hostile enchantments.
Magical Staves
 K - an uncursed staff of energy
Rods
 n - a +8 rod of shadows (13/13)
   (You found it in the Dungeon)
 Y - a +4 rod of inaccuracy (13/13)
   (You found it in the Dungeon)
Jewellery
 D - a +6 ring of dexterity (left tentacle)
 E - a +6 ring of dexterity (on tentacle)
 F - a +6 ring of intelligence (on tentacle)
 G - a +6 ring of intelligence (on tentacle)
 H - a +6 ring of strength (on tentacle)
 I - a +6 ring of strength
 Q - the ring "Vucifiyf" (on tentacle) {Wiz MR+ Str+5 Dex+4}
   (You found it in the Dungeon)

   [ring of wizardry]

   It improves your spell success rate.
   It affects your strength (+5).
   It affects your dexterity (+4).
   It affects your resistance to hostile enchantments.
 T - a +2 ring of protection (right tentacle)
 X - the ring of the Mage (on tentacle) {Wiz MR++ Int+3}
   (You found it in the Dungeon)

   [ring of wizardry]

   It improves your spell success rate.
   It affects your intelligence (+3).
   It affects your resistance to hostile enchantments.
Wands
 y - a wand of disintegration (7/24)
 A - a wand of iceblast (5/15)
 B - a wand of lightning (5/15)
 C - a wand of acid (5/15)
Scrolls
 g - 4 scrolls of blinking
 l - a scroll of brand weapon
 q - 4 scrolls of amnesia
 r - 3 scrolls of recharging
 s - 7 scrolls of fog
 t - a scroll of holy word
 u - 5 scrolls of identify
 v - 5 scrolls of remove curse
 w - 2 scrolls of fear
Potions
 b - 10 potions of curing
 c - 9 potions of heal wounds
 d - 6 potions of haste
 e - 7 potions of magic
 f - 3 potions of berserk rage
 k - 2 potions of brilliance
 m - 3 potions of resistance
 o - 4 potions of agility
 p - 5 potions of might
Books
 P - a manual of Shields
 W - a manual of Unarmed Combat
Miscellaneous
 J - a disc of storms
 L - a crystal ball of energy
 M - a stone of tremors
 R - a box of beasts
 S - a sack of spiders
 V - a phial of floods
Comestibles
 a - 5 bread rations
 x - 42 fruits
 z - 4 meat rations
 U - 2 chunks of flesh


   Skills:
 + Level 13.5 Fighting
 + Level 13.5 Dodging
 - Level 2.6 Stealth
 + Level 15.1 Shields
 + Level 15.3 Unarmed Combat
 + Level 5.9 Invocations


You had 10 spell levels left.
You didn't know any spells.

Dungeon Overview and Level Annotations

Branches:
Dungeon (1/1)

Altars:
Ashenzari
Cheibriados
Dithmenos
Elyvilon
Fedhas
Gozag
Kikubaaqudgha
Makhleb
Nemelex Xobeh
Okawaru
Pakellas
Qazlal
Ru
Sif Muna
Trog
Vehumet
Xom
Yredelemnul
Zin
The Shining One
Beogh
Jiyva
Lugonu


Innate Abilities, Weirdness & Mutations

You cannot wear most types of armour.
You are amphibious.
You can wear up to eight rings at the same time.
You can use your tentacles to constrict eight enemies at once.
Your skin changes colour to match your surroundings (Stealth).
Your rubbery body absorbs attacks (AC +1).


Message History

You block the reaper's attack.
GONNNNG!
You closely miss the reaper. You grab the reaper. You squeeze the reaper!
The reaper is lightly wounded.
You constrict the reaper. You bludgeon the reaper!
You tentacle-slap the reaper, but do no damage.
The reaper is moderately wounded.
You constrict the reaper. You block the reaper's attack.
PANG!
The mummy misses you.
You bludgeon the reaper! You squeeze the reaper.
The reaper is heavily wounded.
You constrict the reaper.
You tentacle-slap the reaper but do no damage.
You squeeze the reaper, but do no damage.
The reaper is heavily wounded.
You constrict the reaper.
The reaper hits you with a scythe of freezing!!
You die...

▓▓▓▓▓▓▓▓▓▓▓▓▓▓▓▓▓▓▓
▓...8©8...▓...8©8...▓
▓..[)))?..▓..}.[[}..▓
▓..):}})..▓...|)[=..▓
▓.........▓.........▓
▓.........▓.........▓
▓.........▓.........▓
▓.....2...▓.........▓
▓...)M@...▓.▓.....▓.▓
▓.▓.....▓.▓.........▓
▓.....†...▓▓▓▓▓▓▓▓▓▓▓
▓▓▓▓▓▓▓▓▓▓▓


You could see a reaper and a mummy.

Vanquished Creatures
  A dancing weapon (D)
  A deep elf knight (D)
  2 deep elf archers (D)
  2 deep elf magi (D)
  A hill giant (D)
  An orc sorcerer (D)
  A cyclops (D)
  2 rust devils (D)
  An ice devil (D)
  A tormentor (D)
  2 trolls (D)
  2 two-headed ogres (D)
  A two-headed ogre (shapeshifter) (D)
  A slime creature (D)
  2 air elementals (D)
  A water elemental (D)
  A yak (D)
  A fire elemental (D)
  2 giant eyeballs (D)
  2 hell hounds (D)
  3 eyes of draining (D)
  3 orc warriors (D)
  2 ogres (D)
  A wolf (D)
  A giant frog (D)
  A wight (D)
  An orc priest (D)
  3 jellies (D)
  3 orc wizards (D)
  An iguana (D)
  A sheep (D)
  A river rat (D)
  2 adders (D)
  4 oozes (D)
  3 orcs (D)
  3 ball pythons (D)
61 creatures vanquished.

Vanquished Creatures (others)
  An adder zombie (D)
1 creature vanquished.

Grand Total: 62 creatures vanquished

Notes
Turn   | Place    | Note
--------------------------------------------------------------
     0 | D        | Joat the Octopode Monk began the quest for the Orb.
     0 | D        | Reached XP level 1. HP: 16/16 MP: 1/1
     0 | D        | Found an iron altar of Okawaru.
     0 | D        | Found a radiant altar of Vehumet.
     0 | D        | Found a burning altar of Makhleb.
     0 | D        | Found a shimmering altar of Xom.
     0 | D        | Found a deep blue altar of Sif Muna.
     4 | D        | Found a bloodstained altar of Trog.
     5 | D        | Found a roughly hewn altar of Beogh.
     5 | D        | Found a viscous altar of Jiyva.
     5 | D        | Found a corrupted altar of Lugonu.
     5 | D        | Found a white marble altar of Elyvilon.
     5 | D        | Found a sparkling altar of Nemelex Xobeh.
    37 | D        | Became a worshipper of Cheibriados the Contemplative
    37 | D        | Reached * piety under Cheibriados
    37 | D        | Reached ** piety under Cheibriados
    61 | D        | Entered arena 1.
    66 | D        | Reached skill level 1 in Shields
    66 | D        | Reached XP level 2. HP: 21/21 MP: 2/2
    67 | D        | Reached *** piety under Cheibriados
    76 | D        | Got the ring "Vucifiyf" {Wiz MR+ Str+5 Dex+4}
    80 | D        | Reached skill level 5 in Fighting
    80 | D        | Reached skill level 5 in Dodging
    80 | D        | Reached XP level 3. HP: 30/30 MP: 3/3
    83 | D        | Entered arena 2.
    91 | D        | Reached **** piety under Cheibriados
   104 | D        | Entered arena 3.
   112 | D        | Reached skill level 5 in Shields
   112 | D        | Reached XP level 4. HP: 36/36 MP: 4/4
   113 | D        | Reached ***** piety under Cheibriados
   119 | D        | Entered arena 4.
   119 | D        | Noticed an eye of draining
   119 | D        | Noticed an eye of draining
   123 | D        | Killed an eye of draining
   123 | D        | Reached XP level 5. HP: 43/43 MP: 5/5
   125 | D        | Killed an eye of draining
   125 | D        | Reached XP level 6. HP: 49/49 MP: 6/6
   208 | D        | Entered arena 5.
   208 | D        | Noticed an orc sorcerer
   208 | D        | Noticed an antimagic hand axe
   208 | D        | Noticed a fire elemental
   208 | D        | Noticed a deep elf mage
   208 | D        | Noticed a deep elf archer
   214 | D        | Killed a deep elf mage
   214 | D        | Reached XP level 7. HP: 43/57 MP: 3/7
   218 | D        | Killed an orc sorcerer
   218 | D        | Reached skill level 10 in Unarmed Combat
   218 | D        | Reached XP level 8. HP: 27/64 MP: 0/8
   218 | D        | Killed an antimagic hand axe
   218 | D        | Reached ****** piety under Cheibriados
   218 | D        | Reached skill level 10 in Fighting
   218 | D        | Reached skill level 10 in Dodging
   218 | D        | Reached skill level 10 in Shields
   218 | D        | Reached XP level 9. HP: 30/71 MP: 0/9
   218 | D        | Killed a deep elf archer
   396 | D        | Entered arena 6.
   427 | D        | Entered arena 7.
   457 | D        | Identified the Compendium of Harmful Dislocation (You found it in the Dungeon)
   469 | D        | Entered arena 8.
   469 | D        | Noticed a deep elf knight
   469 | D        | Noticed a two-headed ogre
   469 | D        | Noticed a deep elf archer
   469 | D        | Noticed a deep elf mage
   473 | D        | Killed a two-headed ogre
   475 | D        | Reached XP level 10. HP: 80/80 MP: 10/10
   489 | D        | Killed a deep elf archer
   489 | D        | Killed a deep elf mage
   493 | D        | Killed a deep elf knight
   731 | D        | Entered arena 9.
   731 | D        | Noticed a hill giant
   731 | D        | Noticed a cyclops
   736 | D        | Reached skill level 1 in Invocations
   745 | D        | Killed a hill giant
   747 | D        | Killed a cyclops
   751 | D        | Reached XP level 11. HP: 82/88 MP: 11/14
   776 | D        | Entered arena 10.
   789 | D        | Paralysed by a giant eyeball for 2 turns
   855 | D        | Entered arena 11.
   858 | D        | Noticed a reaper
   863 | D        | Reached skill level 15 in Unarmed Combat
   863 | D        | Reached skill level 5 in Invocations
   872 | D        | Reached skill level 15 in Shields
   877 | D        | Slain by a reaper

Skill      XL: |  1  2  3  4  5  6  7  8  9 10 11 |
---------------+----------------------------------+-----
Shields        | 1 4 5 6 8 9 10 11 14 15 | 15.1
Fighting       | 5 6 7 9 10 11 13 | 13.5
Dodging        | 5 6 7 9 10 11 13 | 13.5
Unarmed Combat | 6 7 8 9 10 12 14 15 | 15.3
Invocations    | 4 5 |  5.9
Stealth        | |  2.6

Action                   |  1- 3 |  4- 6 |  7- 9 | 10-12 || total
-------------------------+-------+-------+-------+-------++-------
Melee: Unarmed           |    11 |    11 |    30 |    66 ||   118
       Constrict         |     6 |     5 |     8 |     9 ||    28
       Tentacles         |     5 |     6 |    10 |    24 ||    45
       Punch             |     1 |     4 |     3 |    19 ||    27
  Use: Potion            |     2 |     2 |     1 |     2 ||     7
 Stab: Sleeping          |     4 |     3 |     3 |     4 ||    14
       Invisible         |       |     1 |     5 |       ||     6
Armor: Skin              |       |       |       |     2 ||     2
Dodge: Dodged            |     1 |       |     6 |    16 ||    23
Block: Shield            |    11 |     4 |    39 |    84 ||   138
